 Dungeon Crawl Stone Soup version 0.31.0-11-ge490571c62 (webtiles) character file.

Game seed: 3059721747597864623

144 qw the Skirmisher (level 5, -1/29 HPs)
             Began as a Deep Elf Hunter on Feb 4, 2024.
             Slain by a black bear (7 damage)
             ... on level 4 of the Dungeon.
             The game lasted 00:00:09 (2099 turns).

qw the Skirmisher (Deep Elf Hunter)                 Turns: 2099, Time: 00:00:10

Health: -1/29      AC:  7    Str: 10    XL:     5   Next: 5%
Magic:  7/7        EV: 11    Int: 14    God:
Gold:   110        SH:  0    Dex: 18    Spells: 4/4 levels left

rFire   . . .        n - +0 orcbow
rCold   . . .        (shield currently unavailable)
rNeg    . . .        d - +0 ring mail
rPois   +            (no helmet)
rElec   .            (no cloak)
rCorr   .            (no gloves)
SInv    .            e - +1 pair of boots
Will    +....        (no amulet)
Stlth   +            f - ring of poison resistance
HPRegen 0.24/turn    j - ring of willpower
MPRegen 0.10/turn

%: no passive effects
@: about to teleport
A: no striking features
a: no special abilities


You were on level 4 of the Dungeon.
You visited 1 branch of the dungeon, and saw 4 of its levels.

You collected 110 gold pieces.


   Skills:
 - Level 1.5 Fighting
 + Level 8.4 Ranged Weapons
 - Level 2.4 Dodging
 - Level 1.2 Stealth


You had 4 spell levels left.
You didn't know any spells.
Your spell library was empty.

Inventory:

Hand Weapons
 n - a +0 orcbow (weapon)
Armour
 d - a +0 ring mail (worn)
 e - a +1 pair of boots (worn)
Jewellery
 f - a ring of poison resistance (left hand)
 j - a ring of willpower (right hand)
 l - a ring of resist corrosion
Scrolls
 k - a scroll of teleportation
Potions
 b - a potion of curing
 c - a potion of berserk rage {unknown}
 g - a potion of invisibility {unknown}
 h - a potion of cancellation {unknown}
 i - 2 potions of heal wounds
 m - a potion of mutation {unknown}
 o - a potion of enlightenment {unknown}

Dungeon Overview and Level Annotations

Branches:
Dungeon (4/15)
 Temple: D:4-7

Altars:
Hepliaklqana

Shops:
D:1 ((   D:4 *

Annotations:
D:2 1 runed translucent door, Crazy Yiuf


Message History

The black bear closely misses you. The black bear claws you. x2
You shoot an arrow.
The arrow completely misses the black bear.
The black bear bites you but does no damage.
The black bear claws you but does no damage.
The black bear closely misses you.
You shoot an arrow. The arrow hits the black bear!
The black bear is heavily wounded.
The black bear bites you.
The black bear claws you but does no damage.
The black bear completely misses you.
You shoot an arrow. The arrow hits the black bear.
The black bear is severely wounded.
The black bear bites you.
The black bear claws you but does no damage.
The black bear closely misses you.
You shoot an arrow.
The arrow hits the black bear but does no damage.
The black bear is severely wounded.
The black bear bites you.
The black bear claws you but does no damage.
The black bear claws you.
You shoot an arrow. The arrow hits the black bear.
The black bear is severely wounded.
The black bear goes berserk!
The black bear closely misses you. The black bear barely misses you.
The black bear closely misses you.
You shoot an arrow. The arrow barely misses the black bear.
The black bear bites you. The black bear barely misses you. x2
The black bear completely misses you. The black bear claws you.
The black bear barely misses you.
You shoot an arrow. The arrow hits the black bear.
The black bear is almost dead.
The black bear bites you. The black bear misses you. The black bear claws you.
The black bear bites you.
The black bear claws you but does no damage. x2
2099 ||| READING 2 scrolls of teleportation.
As you read the scroll of teleportation, it crumbles to dust.
You feel strangely unstable. The black bear bites you!
You die...

##+# #. ##..$.
#.# ......
#(####......
#.####......
#.####..##..
#.#.@h..##..
######......\....
#.........##....!
#.####.#####..##.
#.......##..##.
#.......#.# .....
###.##..#.# ####
. #.......## #[
###...)..## #.


You could see a black bear (berserk).

Vanquished Creatures
  Natasha (D:3)
  4 adders
  3 dart slugs (D:1)
  4 orcs
  2 ball pythons
  8 bats
  6 endoplasms
  2 giant cockroaches
  7 goblins
  10 hobgoblins
  2 jackals (D:1)
  9 kobolds
  2 quokkas (D:2)
  3 frilled lizards
  6 rats
69 creatures vanquished.

Notes
Turn   | Place    | Note
-------+----------+-------------------------------------------
     0 | D:1      | qw the Deep Elf Hunter began the quest for the Orb.
     0 | D:1      | Reached XP level 1. HP: 12/12 MP: 3/3
     0 | D:1      | 0 ||| qw: Version: 0.3-a-160-g6735b56
     0 | D:1      | 0 ||| qw: Game counter: 4455
     0 | D:1      | 0 ||| qw: Melee chars always use a shield: true
     0 | D:1      | 0 ||| qw: God list: Okawaru
     0 | D:1      | 0 ||| qw: Allow faded altars: false
     0 | D:1      | 0 ||| qw: Do Orc after clearing Dungeon:15 true
     0 | D:1      | 0 ||| qw: Do second Lair branch before Depths: true
     0 | D:1      | 0 ||| qw: Lair rune preference: random
     0 | D:1      | 0 ||| qw: Goals: Normal
     0 | D:1      | 0 ||| PLANNING D:1-11
    70 | D:1      | Reached XP level 2. HP: 13/16 MP: 4/4
   144 | D:1      | You fall into a shaft and drop 1 floor!
   154 | D:2      | Reached skill level 6 in Ranged Weapons
   172 | D:2      | Found a faded altar of an unknown god.
   392 | D:2      | 392 ||| UPGRADING to +0 ring mail.
   402 | D:2      | 402 ||| DROPPING +0 leather armour.
   403 | D:2      | 403 ||| UPGRADING to +0 pair of boots.
   408 | D:2      | 408 ||| UPGRADING to ring of poison resistance.
   409 | D:2      | 409 ||| DROPPING scroll of butterflies.
   412 | D:2      | 412 ||| FLEEEEING.
   413 | D:2      | 413 ||| FLEEEEING.
   414 | D:2      | 414 ||| FLEEEEING.
   415 | D:2      | 415 ||| FLEEEEING.
   416 | D:2      | 416 ||| FLEEEEING.
   417 | D:2      | 417 ||| STAIRDANCE
   418 | D:1      | Found Qaumyn's Weapon Emporium.
   430 | D:1      | 430 ||| SHOPLISTING +0 shortbow of flaming (103 gold, have
                  | 33).
   499 | D:1      | Reached XP level 3. HP: 20/20 MP: 5/5
   555 | D:1      | Found Siolang's Antique Weapon Emporium.
   599 | D:1      | Reached skill level 7 in Ranged Weapons
   678 | D:1      | 678 ||| READING scroll labelled ASO QUOWIMI.
   899 | D:2      | Reached XP level 4. HP: 24/25 MP: 6/6
   921 | D:2      | Found a runed translucent door.
   922 | D:2      | Noticed Crazy Yiuf
  1334 | D:2      | 1334 ||| UPGRADING to ring of willpower.
  1335 | D:2      | 1335 ||| READING scroll labelled BOEZXA TILO.
  1336 | D:2      | 1336 ||| READING 2 scrolls labelled PAGUCIUXZA.
  1437 | D:2      | 1437 ||| DRINKING 2 dark potions.
  1438 | D:2      | 1438 ||| DROPPING scroll of vulnerability.
  1578 | D:3      | Noticed Natasha
  1582 | D:3      | Killed Natasha
  1583 | D:3      | Reached skill level 8 in Ranged Weapons
  1853 | D:3      | Found a hazy altar of Hepliaklqana.
  1968 | D:3      | 1968 ||| READING 3 scrolls labelled DYRIOT ITERIASE.
  1971 | D:3      | 1971 ||| READING scroll labelled RIPSOUNECIXT.
  1971 | D:3      | 1971 ||| ENCHANTING +0 pair of boots.
  1972 | D:3      | 1972 ||| DRINKING 3 smoky black potions.
  2001 | D:4      | 2001 ||| SWAPPING to +0 orcbow.
  2010 | D:4      | Reached XP level 5. HP: 25/29 MP: 7/7
  2023 | D:4      | 2023 ||| DROPPING +0 shortbow.
  2083 | D:4      | Found Ozuts's Assorted Antiques.
  2087 | D:4      | Noticed a black bear
  2098 | D:4      | HP: 6/29 [black bear (3)]
  2099 | D:4      | 2099 ||| READING 2 scrolls of teleportation.
  2099 | D:4      | Slain by a black bear

Levels and vault maps discovered:
D:1:      amcnicky_arrival_wind_blow, layout_rooms, serial_shops, shop, shop,
          moated_statue
D:2:      layout_loops_corners, chequers_ecumenical_altar_twisty,
          uniq_crazy_yiuf_cottage
D:3:      layout_rooms, nicolae_hepliaklqana_hazy_memory,
          guppyfry_early_orc_mine, uniq_natasha
D:4:      layout_basic, temple_fountains, serial_shops, nicolae_square_shop,
          cheibrodos_gnoll_hut

Skill      XL: |  1  2  3  4 |
---------------+-------------+-----
Ranged Weapons | 6 7 8 |  8.4
Fighting       | |  1.5
Dodging        | |  2.4
Stealth        | |  1.2

Action                     |  1- 3 |  4- 6 || total
---------------------------+-------+-------++-------
   Fire: Shortbow          |   107 |    70 ||   177
         Orcbow            |       |    21 ||    21
    Use: Scroll            |     1 |     5 ||     6
         Potion            |       |     2 ||     2
 Armour: Leather armour    |     3 |       ||     3
         Ring mail         |    26 |    40 ||    66
  Dodge: Dodged            |    28 |    31 ||    59

Table legend:
 A = Non-vault XP
 B = Vault XP
 C = Vault XP percentage of total XP
 D = Non-vault monster count
 E = Vault monster count
 F = Vault count percentage of total count
                 A         B        C        D         E       F
            +---------+---------+-------+---------+---------+-------
      Total |     155 |      52 |  25.1 |      61 |       8 |  11.6
            +---------+---------+-------+---------+---------+-------
        D:1 |      50 |       0 |   0.0 |      27 |       0 |   0.0
        D:2 |      72 |       0 |   0.0 |      22 |       0 |   0.0
        D:3 |      13 |      52 |  80.0 |       8 |       8 |  50.0
        D:4 |      20 |       0 |   0.0 |       4 |       0 |   0.0
            +---------+---------+-------+---------+---------+-------
